 Dungeon Crawl Stone Soup version 0.29.0-4-gdea44cf6ec (webtiles) character file.

Game seed: 4478979370869289057

31 qw the Ruffian (level 3, 0/28 HPs)
             Began as a Ghoul Fire Elementalist on Aug 29, 2022.
             Slain by a worm (9 damage)
             ... on level 2 of the Dungeon.
             The game lasted 00:01:27 (1871 turns).

qw the Ruffian (Ghoul Fire Elementalist)            Turns: 1871, Time: 00:01:28

Health: 0/28       AC:  3    Str: 13    XL:     3   Next: 22%
Magic:  4/4        EV:  7    Int: 10    God:
Gold:   47         SH:  9    Dex:  9    Spells: 4/5 levels left

rFire   . . .      SeeInvis .     - Unarmed
rCold   + . .      Faith    .   k - +0 tower shield
rNeg    + + +      Spirit   .   c - +0 leather armour
rPois   inf        Reflect  .   (no helmet)
rElec   .          Harm     .   (no cloak)
rCorr   .          Rampage  .   (no gloves)
Will    .....                   (no boots)
Stlth   +.........              (no amulet)
HPRegen 0.00/turn               (no ring)
MPRegen 0.09/turn               (no ring)

@: inhibited regen
A: claws 1, cold resistance 1, negative energy resistance 3, inhibited
regeneration, torment resistance 2, devour on kill
a: no special abilities


You were on level 2 of the Dungeon.
You visited 1 branch of the dungeon, and saw 2 of its levels.

You collected 47 gold pieces.


Innate Abilities, Weirdness & Mutations

You are immune to poison.
You have sharp fingernails.
Your flesh is cold resistant. (rC+)
You are immune to negative energy. (rN+++)
You do not regenerate when monsters are visible.
You are immune to unholy pain and torment.
You thrive by killing the living.


   Skills:
 - Level 1.0 Fighting
 - Level 1.7 Dodging
 - Level 2.1 Stealth
 + Level 0.4 Shields
 - Level 2.5 Unarmed Combat
 - Level 1.7 Spellcasting
 - Level 0.7 Conjurations
 - Level 2.4 Fire Magic


You had 4 spell levels left.
You knew the following spells:

 Your Spells              Type           Power      Damage    Failure   Level
a - Foxfire               Conj/Fire      16%        2x1d4     98%         1

Your spell library contained the following spells:

 Spells                   Type           Power      Damage    Failure   Level
 Scorch                   Fire           10%        2d5       99%         2
 Conjure Flame            Conj/Fire      4%         6-21      100%        3
 Inner Flame              Hex/Fire       3%         N/A       100%        3
 Flame Wave               Conj/Fire      4%         2d5       100%        4

Inventory:

Armour
 c - a +0 leather armour (worn)
 k - a +0 tower shield (worn)
Scrolls
 g - a scroll of identify
Potions
 h - a potion of mutation
 i - a potion of flight {unknown}
 j - a potion of cancellation {unknown}

Dungeon Overview and Level Annotations

Branches:
Dungeon (2/15)

Altars:


Message History

The quokka is lightly wounded.
The quokka completely misses you. The quokka bites you.
You completely miss the quokka.
The quokka is lightly wounded.
You block the quokka's attack.
The quokka twitches its whiskers.
The quokka barely misses you.
You scratch the quokka.
You kill the quokka!
You start resting.
HP restored.
You see here a hobgoblin corpse.
A worm comes into view.
A worm is nearby!
A worm is nearby!
1862 ||| Stepping randomly (stuck).
Found a leather armour, 2 scrolls labelled YFEARO OLEEQUT and 15 gold pieces.
You scratch the worm.
The worm is lightly wounded.
The worm bites you.
You barely miss the worm.
The worm is lightly wounded.
You completely miss the worm.
The worm is lightly wounded.
The worm barely misses you.
You barely miss the worm.
The worm is lightly wounded.
The worm bites you.
You barely miss the worm. You block the worm's attack.
You scratch the worm.
The worm is lightly wounded.
The worm bites you!
You scratch the worm but do no damage.
The worm is lightly wounded.
You block the worm's attack.
You scratch the worm.
The worm is moderately wounded.
The worm bites you!
You die...

#.#.##
##.#.##
##%#%## .?##
##.#.##
##.#.## $.##
##.#.##
##.#.## ?#.##
##...#
##.#.##[.#.##
##..#
##.#.##..#.#
##.#####
##.#.#.#.#
#.......
##.#.#w#
#.######
##.#@##
#.......
##.##
#..##### ###
#..# ...#
##.# .# ##


You could see a worm.

Vanquished Creatures
  2 endoplasms (D:1)
  A giant cockroach (D:1)
  4 goblins (D:1)
  2 hobgoblins
  5 kobolds (D:1)
  3 quokkas
  5 ball pythons
  2 bats (D:1)
  A frilled lizard (D:1)
  4 rats (D:1)
29 creatures vanquished.

Notes
Turn   | Place    | Note
-------+----------+-------------------------------------------
     0 | D:1      | qw the Ghoul Fire Elementalist began the quest for the Orb.
     0 | D:1      | Reached XP level 1. HP: 14/14 MP: 2/2
     0 | D:1      | 0 ||| qw: Version: 0.1-a-90-g952f4b7
     0 | D:1      | 0 ||| qw: Game counter: 4026
     0 | D:1      | 0 ||| qw: Always use a shield: true
     0 | D:1      | 0 ||| qw: God list: Okawaru
     0 | D:1      | 0 ||| qw: Allow faded altars: false
     0 | D:1      | 0 ||| qw: Do Orc after D:15 true
     0 | D:1      | 0 ||| qw: Do second Lair branch before Depths: true
     0 | D:1      | 0 ||| qw: Lair rune preference: random
     0 | D:1      | 0 ||| qw: Plans: Normal
     0 | D:1      | 0 ||| PLANNING D:1-11
   121 | D:1      | Reached skill level 1 in Unarmed Combat
   227 | D:1      | Reached skill level 1 in Fighting
   227 | D:1      | Reached XP level 2. HP: 16/23 MP: 3/3
   398 | D:1      | 398 ||| Stepping ~*~*~tactically~*~*~ (stealth).
   398 | D:1      | Found a faded altar of an unknown god.
   399 | D:1      | 399 ||| Stepping ~*~*~tactically~*~*~ (stealth).
   400 | D:1      | 400 ||| Stepping ~*~*~tactically~*~*~ (stealth).
   408 | D:1      | 408 ||| Stepping ~*~*~tactically~*~*~ (outnumbered).
   409 | D:1      | 409 ||| Stepping ~*~*~tactically~*~*~ (outnumbered).
   440 | D:1      | 440 ||| Stepping ~*~*~tactically~*~*~ (stealth).
   446 | D:1      | 446 ||| Stepping ~*~*~tactically~*~*~ (stealth).
   449 | D:1      | 449 ||| Stepping ~*~*~tactically~*~*~ (stealth).
   691 | D:1      | 691 ||| Stepping ~*~*~tactically~*~*~ (stealth).
   697 | D:1      | 697 ||| Stepping ~*~*~tactically~*~*~ (outnumbered).
   772 | D:1      | 772 ||| Stepping ~*~*~tactically~*~*~ (stealth).
   928 | D:1      | 928 ||| Stepping ~*~*~tactically~*~*~ (stealth).
   931 | D:1      | 931 ||| Stepping ~*~*~tactically~*~*~ (stealth).
  1006 | D:1      | 1006 ||| Stepping ~*~*~tactically~*~*~ (stealth).
  1160 | D:1      | Reached XP level 3. HP: 27/28 MP: 4/4
  1348 | D:1      | 1348 ||| UPGRADING to +0 tower shield.
  1353 | D:1      | 1353 ||| READING scroll labelled OKLIUG BUDI.
  1354 | D:1      | 1354 ||| READING scroll labelled GIBOG KOCH.
  1358 | D:1      | 1358 ||| READING scroll labelled MYRYXT OFYGOOL.
  1359 | D:1      | 1359 ||| READING 3 scrolls labelled FOTUXKEFFU.
  1360 | D:1      | 1360 ||| READING scroll labelled OTOAMP WAROLI.
  1361 | D:1      | 1361 ||| READING 2 scrolls of identify.
  1361 | D:1      | 1361 ||| IDENTIFYING fizzy grey potion
  1362 | D:1      | 1362 ||| DROPPING potion of magic.
  1693 | D:2      | 1693 ||| UPGRADING to +0 leather armour.
  1708 | D:2      | 1708 ||| DROPPING +0 robe.
  1725 | D:2      | 1725 ||| READING scroll labelled ROABLA IMPY.
  1862 | D:2      | 1862 ||| Stepping randomly (stuck).
  1871 | D:2      | Slain by a worm

Levels and vault maps discovered:
D:1:      dpeg_arrival_arbitrary_c, layout_loops_ring,
          hellmonk_ecumenical_altar_lost_god
D:2:      minmay_inner_zag, layout_basic, basic_altar

Skill      XL: |  1  2 |
---------------+-------+-----
Unarmed Combat | 1 2 |  2.5
Fighting       | 1 |  1.0
Dodging        | |  1.7
Stealth        | |  2.1
Shields        | |  0.4
Spellcasting   | |  1.7
Conjurations   | |  0.7
Fire Magic     | |  2.4

Action                   || total
-------------------------++-------
Melee: Unarmed           ||   132
       Punch             ||     2
  Use: Scroll            ||     7
 Stab: Sleeping          ||     1
Armor: Robe              ||    14
       Leather armour    ||     6
Dodge: Dodged            ||    72
Block: Tower shield      ||    25

Table legend:
 A = Non-vault XP
 B = Vault XP
 C = Vault XP percentage of total XP
 D = Non-vault monster count
 E = Vault monster count
 F = Vault count percentage of total count
                 A         B        C        D         E       F
            +---------+---------+-------+---------+---------+-------
      Total |      41 |       4 |   8.9 |      27 |       2 |   6.9
            +---------+---------+-------+---------+---------+-------
        D:1 |      37 |       0 |   0.0 |      24 |       0 |   0.0
        D:2 |       4 |       4 |  50.0 |       3 |       2 |  40.0
            +---------+---------+-------+---------+---------+-------
